 Dungeon Crawl Stone Soup version 0.18-b1-22-ge198996 (webtiles) character file.

6375 namelastname112 the Destroyer (level 10, -9/67 HPs)
             Began as a Grey Draconian Wizard on May 4, 2016.
             Mangled by an orc warrior
             ... wielding a +0 scimitar
              (24 damage)
             ... on level 9 of the Dungeon.
             The game lasted 00:26:24 (12774 turns).

namelastname112 the Destroyer (DrWz)               Turns: 12774, Time: 00:26:25

Health: -9/67      AC: 18    Str:  7      XL:     10   Next: 65%
Magic:  1/22       EV: 12    Int: 22      God:
Gold:   617        SH:  0    Dex:  9 (10) Spells: 6 memorised, 10 levels left

rFire  . . .     SeeInvis .     k - +2 scimitar (flame)
rCold  . . .     Gourm    .     (armour unavailable)
rNeg   . . .     Faith    .     (no shield)
rPois  +         Spirit   .     a - +0 hat
rElec  .         Dismiss  .     E - +0 cloak
rCorr  .         Reflect  .     l - +0 pair of gloves
SustAt .         Harm     .     n - +0 pair of boots
MR     .....     Rnd*Rage +     (no amulet)
Stlth  +.........               K - +3 ring of protection
                                u - ring of poison resistance

@: not resistant to hostile enchantments, very unstealthy
A: walk through water, unfitting armour, berserk 1, deterioration 1, frail 1,
weak 1, unbreathing, cold-blooded, AC +12
a: no special abilities


You were on level 9 of the Dungeon.
You were hungry.

You visited 2 branches of the dungeon, and saw 10 of its levels.
You also visited: Ossuary.

You collected 617 gold pieces.

Inventory:

Hand Weapons
 i - a +0 dagger
 k - a +2 scimitar of flaming (weapon)
 P - a +0 blowgun
Missiles
 O - 7 curare-tipped needles
 Q - a throwing net (quivered)
Armour
 a - a +0 hat (worn)
 l - a +0 pair of gloves (worn)
 n - a +0 pair of boots (worn)
 E - a +0 cloak (worn)
Magical Staves
 x - an uncursed staff of energy
Jewellery
 s - an uncursed ring of flight
 u - a ring of poison resistance (left hand)
 v - an uncursed ring of positive energy
 B - the ring of Doubts {EV-2 Str+3 SInv Stlth+}
   (You found it on level 5 of the Dungeon)

   [ring of evasion]

   It affects your evasion (-2).
   It affects your strength (+3).
   It lets you see invisible.
   It makes you more stealthy.
 K - a +3 ring of protection (right hand)
Wands
 g - a wand of digging (1/24)
 z - a wand of flame (3/48)
 T - a wand of teleportation (6/9)
Scrolls
 f - a scroll of immolation
 q - 5 scrolls of magic mapping
 r - 3 scrolls of fog
 t - 2 scrolls of recharging
 C - 2 scrolls of random uselessness {unknown}
 D - a scroll of remove curse
 F - 3 scrolls of enchant weapon {unknown}
 H - a scroll of brand weapon {unknown}
 L - a scroll of blinking {unknown}
 M - a scroll of amnesia
 S - a scroll of noise {unknown}
 U - a scroll of enchant armour {unknown}
Potions
 d - 3 potions of resistance
 e - a potion of heal wounds
 j - 6 potions of brilliance
 m - 6 potions of curing
 o - 2 potions of mutation {unknown}
 p - 2 potions of flight {unknown}
 G - a potion of berserk rage {unknown}
 I - 3 potions of lignification {unknown}
 J - 2 potions of might {unknown}
 N - a potion of agility {unknown}
Books
 b - a book of Minor Magic

   Spells                             Type                      Level
   a - Magic Dart                     Conjuration                  1
   b - Blink                          Translocation                2
   c - Call Imp                       Summoning                    2
   d - Repel Missiles                 Charms/Air                   2
   e - Slow                           Hexes                        2
   f - Conjure Flame                  Conjuration/Fire             3
   g - Mephitic Cloud                 Conjuration/Poison/Air       3
 y - a book of Misfortune

   Spells                             Type                      Level
   a - Confusing Touch                Hexes                        2
   b - Confuse                        Hexes                        3
   c - Gell's Gravitas                Hexes/Translocation          3
   d - Petrify                        Transmutation/Earth          4
   e - Metabolic Englaciation         Hexes/Ice                    5
   f - Yara's Violent Unravelling     Hexes/Transmutation          5
 A - a book of Ice

   Spells                             Type                      Level
   a - Ice Form                       Ice/Transmutation            4
   b - Metabolic Englaciation         Hexes/Ice                    5
   c - Ozocubu's Refrigeration        Ice                          6
   d - Bolt of Cold                   Conjuration/Ice              6
   e - Freezing Cloud                 Conjuration/Ice/Air          6
   f - Simulacrum                     Ice/Necromancy               6
Comestibles
 c - 4 bread rations
 h - 4 meat rations
 w - 2 fruits
 R - 10 royal jellies


   Skills:
 + Level 2.9 Fighting
 + Level 2.9 Dodging
 - Level 1.7 Stealth
 + Level 8.2 Spellcasting
 + Level 11.3 Conjurations
   Level 1.0 Summonings
 - Level 1.0 Translocations
 + Level 8.1 Earth Magic


You had 10 spell levels left.
You knew the following spells:

 Your Spells              Type           Power        Failure   Level  Hunger
a - Repel Missiles        Chrm/Air       #.....       12%         2    None
b - Petrify               Trmt/Erth      ####....     14%         4    ###....
c - Conjure Flame         Conj/Fire      ####....     1%          3    None
s - Mephitic Cloud        Conj/Pois/Air  ####....     6%          3    None
x - Blink                 Tloc           N/A          10%         2    None
z - Magic Dart            Conj           ####         1%          1    None


Dungeon Overview and Level Annotations

Branches:
Dungeon (9/15)             Temple (1/1) D:6
   Lair: D:8-11         Orc: D:9-12

Altars:
Cheibriados
Dithmenos
Elyvilon
Fedhas
Gozag
Kikubaaqudgha
Makhleb
Nemelex Xobeh
Okawaru
Pakellas
Qazlal
Ru
Sif Muna
Trog
Vehumet
Xom
Yredelemnul
Zin
The Shining One

Shops:
D:7 (:[[:

Annotations:
D:4 exclusion: statue


Innate Abilities, Weirdness & Mutations

You can walk through water.
Your dull iron-grey scales are very hard (AC +12).
Your body does not fit into most forms of armour.
You can survive without breathing.
You are cold-blooded and may be slowed by cold attacks.
You tend to lose your temper in combat.
Your body sometimes deteriorates upon taking damage.
You are frail (-10% HP).
You are weak. (Str -2)


Message History

Aim: an orc warrior, wielding a scimitar and wearing a plate armour (noxious fumes, heavily wounded, confused)
The magic dart hits the orc warrior.
The orc warrior is heavily wounded.
The orc warrior is engulfed in noxious fumes.
The orc warrior appears confused.
The orc warrior hits you with a scimitar!
* * * LOW HITPOINT WARNING * * *
Your body deteriorates!
You feel clumsy.
You take 10 damage, and have 15/67 hp.
You now have 2/22 mp.
Casting: Magic Dart
Confirm with . or Enter, or press ? or * to list all spells.
Aiming: Magic Dart
Press: ? - help, Shift-Dir - straight line, f/p - orc warrior
Aim: an orc warrior, wielding a scimitar and wearing a plate armour (noxious fumes, heavily wounded, confused)
The magic dart hits the orc warrior.
The orc warrior is heavily wounded.
The orc warrior is engulfed in noxious fumes.
The orc warrior appears confused.
The orc warrior hits you with a scimitar!!
You die...

#.....#.#
#.......#
#####.### #.#
#.# ##.## #...##
##.#.#.##
#@##.##.######
#o##.........#
#.#####.####....
###§###.## #
#..o...##
#..o####
####.#.#
###......##
#...).....#


You could see an orc warrior (confused), an orc wizard and an orc.

Vanquished Creatures
  Erica (D:8)
  An ugly thing (D:9)
  Maurice (D:8)
  Grinder (D:5)
  Eustachio (D:5)
  4 hippogriffs
  A hungry ghost (D:5)
  Menkaure (D:6)
  A black bear (D:8)
  2 phantoms
  3 sky beasts
  4 ogres
  2 ice beasts
  2 centaurs
  Blork the orc (D:4)
  3 big kobolds
  3 giant frogs (D:8)
  2 scorpions
  4 wights (D:9)
  3 howler monkeys
  5 jellies
  5 bog bodies (Ossuary)
  5 crimson imps
  A giant frog zombie (D:8)
  2 centaur zombies
  A centaur skeleton (D:7)
  3 orc priests
  A hound (D:7)
  10 orc wizards
  2 iguanas
  8 worker ants
  3 killer bee zombies
  A hound zombie (Ossuary)
  A hound skeleton (D:6)
  4 mummies (Ossuary)
  3 worker ant zombies (Ossuary)
  15 adders
  3 gnolls (D:5)
  3 shadow imps
  8 oozes
  5 adder zombies
  2 worms
  3 dart slugs
  7 giant geckos
  24 orcs
  A ball python (D:1)
  5 giant cockroaches
  8 goblins
  16 hobgoblins
  12 jackals
  4 quokkas
  A ball python zombie (Ossuary)
  9 bats
  A giant gecko skeleton (D:8)
  3 giant gecko zombies (Ossuary)
  7 giant newts
  5 jackal zombies
  21 kobolds
  A quokka zombie (Ossuary)
  9 rats
269 creatures vanquished.

Vanquished Creatures (others)
  5 toadstools (D:1)
5 creatures vanquished.

Grand Total: 274 creatures vanquished

Notes
Turn   | Place    | Note
--------------------------------------------------------------
     0 | D:1      | namelastname112 the Draconian Wizard began the quest for the Orb.
     0 | D:1      | Reached XP level 1. HP: 14/14 MP: 4/4
   521 | D:1      | Reached XP level 2. HP: 19/20 MP: 3/6
   553 | D:1      | Reached skill level 2 in Conjurations
   761 | D:1      | Reached XP level 3. HP: 21/26 MP: 1/7
   792 | D:1      | incide: !lg namelastname112
   796 | D:1      | beem: 3958. namelastname112 the Digger (L1 DrEE), slain by a hobgoblin (a +0 club) on D:1 on 2016-05-04 16:08:54, with 2 points after 37 turns and 0:00:13.
   796 | D:1      | namelastname112: не
   796 | D:1      | namelastname112: у меня есть тот живой
   796 | D:1      | namelastname112: который эльфов почистил
   800 | D:1      | Learned a level 3 spell: Mephitic Cloud
   890 | D:1      | Learned a level 2 spell: Blink
  1011 | D:1      | incide: ножичек отличный
  1168 | D:2      | Reached skill level 3 in Conjurations
  1389 | D:2      | Found a glowing silver altar of Zin.
  1391 | D:2      | Reached XP level 4. HP: 33/33 MP: 4/9
  1809 | D:2      | Found a white marble altar of Elyvilon.
  2237 | D:3      | Learned a level 2 spell: Repel Missiles
  2372 | D:3      | Reached XP level 5. HP: 23/38 MP: 2/10
  2499 | D:3      | Reached skill level 4 in Conjurations
  2558 | D:3      | Found a stormy altar of Qazlal.
  2558 | D:3      | Found a shimmering altar of Xom.
  2606 | D:3      | Found a bloodstained altar of Trog.
  2763 | D:4      | Noticed Blork the orc
  2779 | D:4      | Killed Blork the orc
  3101 | D:4      | Learned a level 3 spell: Conjure Flame
  3158 | D:4      | Found a shadowy altar of Dithmenos.
  3174 | D:4      | Found a radiant altar of Vehumet.
  3174 | D:4      | Noticed a charred statue
  3178 | D:4      | Reached skill level 5 in Conjurations
  3178 | D:4      | Reached XP level 6. HP: 43/45 MP: 8/12
  3248 | D:4      | Noticed a sky beast
  3259 | D:4      | Killed a sky beast
  3327 | D:4      | Gained mutation: Your body sometimes deteriorates upon taking damage. [mutagenic meat]
  3328 | D:4      | Gained mutation: You are weak. (Str -2) [mutagenic meat]
  3329 | D:4      | Gained mutation: You tend to lose your temper in combat. [mutagenic meat]
  3330 | D:4      | Gained mutation: You are frail (-10% HP). [mutagenic meat]
  3885 | D:4      | incide: кстати, какая вообще оптимальная прогрессия раскачки для гибридов? типа там MfSk с трезубцами
  3910 | D:4      | namelastname112: ну
  3910 | D:4      | namelastname112: идешь к шу
  3910 | D:4      | namelastname112: все
  3910 | D:4      | namelastname112: ашу*
  3910 | D:4      | incide: не, я про скиллы
  3910 | D:4      | namelastname112: хуй знает на самом деле
  3910 | D:4      | incide: для просто табберов там понятно - качаешь оружиие, когда начинает становиться тяжко - качаешь армор/файтинг
  3910 | D:4      | incide: а тут качать надо прям все
  3910 | D:4      | namelastname112: спектру качаешь
  3910 | D:4      | namelastname112: и реген
  3910 | D:4      | namelastname112: потом все остальное
  3985 | D:4      | Reached skill level 6 in Conjurations
  3985 | D:4      | Your scales start taking on a dull iron-grey colour.
  3985 | D:4      | Reached XP level 7. HP: 45/45 MP: 0/14
  3985 | D:4      | Gained mutation: You can survive without breathing. [Grey Draconian growth]
  4189 | D:4      | incide: о, хороший драк
  4199 | D:4      | Learned a level 4 spell: Petrify
  4378 | D:5      | Entered Level 5 of the Dungeon
  4440 | D:5      | incide: веха не берешь?
  4457 | D:5      | Got a crude lapis lazuli ring
  4482 | D:5      | namelastname112: к ашу хочу
  4482 | D:5      | namelastname112: клевый волт
  4482 | D:5      | namelastname112: фаны зигмунда
  4602 | D:5      | Found a sacrificial altar of Ru.
  4670 | D:5      | Reached skill level 5 in Spellcasting
  4670 | D:5      | Reached skill level 1 in Earth Magic
  5158 | D:5      | Identified the cursed ring of Doubts {EV-2 Str+3 SInv Stlth+} (You found it on level 5 of the Dungeon)
  5356 | D:5      | Reached skill level 7 in Conjurations
  5530 | D:5      | Noticed a hungry ghost
  5558 | D:5      | Killed a hungry ghost
  5558 | D:5      | Reached XP level 8. HP: 51/51 MP: 3/16
  6115 | D:6      | Noticed Eustachio
  6144 | D:6      | Noticed Grinder
  6290 | D:5      | Killed Eustachio
  6290 | D:5      | Reached skill level 8 in Conjurations
  6541 | D:6      | Paralysed by Grinder for 5 turns
  6559 | D:5      | Paralysed by Grinder for 3 turns
  6575 | D:5      | Killed Grinder
  6978 | D:6      | Found an oddly glowing altar of Pakellas.
  7208 | D:6      | Found a staircase to the Ecumenical Temple.
  7330 | D:6      | Reached skill level 5 in Earth Magic
  7352 | D:6      | Noticed Menkaure
  7373 | D:6      | Killed Menkaure
  7373 | D:6      | Reached XP level 9. HP: 6/55 MP: 1/18
  7658 | D:6      | Reached skill level 9 in Conjurations
  7936 | D:7      | Found Sadaiv's Antique Armour Emporium.
  8080 | D:7      | Found Joxeo's Book Shoppe.
  8166 | D:7      | xeno23: пиздец
  8180 | D:7      | xeno23: меня вальнули
  8180 | D:7      | namelastname112: кто?
  8207 | D:7      | incide: !lg xeno23
  8222 | D:7      | beem: 609. xeno23 the Slayer (L25 HOGl of Beogh), blasted by a black draconian (bolt of lightning) on Depths:5 (grunt_bruiser_brothers) on 2016-05-04 16:25:16, with 515029 points after 51250 turns and 6:14:04.
  8294 | D:7      | xeno23: собрал по 3 плюсика от рф и рц
  8296 | D:6      | incide: :c
  8300 | D:6      | Found a shadowy altar of Dithmenos.
  8338 | D:6      | xeno23: но релека не было
  8363 | D:6      | xeno23: и вот выходят на меня 4 дракониана черных
  8463 | D:6      | xeno23: классный рендом
  8476 | D:6      | xeno23: и начинают спамить болтами
  8835 | D:7      | Reached skill level 10 in Conjurations
  8850 | D:7      | Found a blossoming altar of Fedhas.
  8856 | D:7      | Found Usiyz's Armour Shoppe.
  8913 | D:7      | Found Nuopuidd's Book Shop.
  9257 | D:7      | Found a basalt altar of Yredelemnul.
  9273 | D:7      | Found Ivoeseap's Weapon Shoppe.
  9281 | D:7      | xeno23: пиздец это какое то ебланство уже
  9281 | D:7      | jacquesderrida: ЗЕРНО ТЫ ЧЕ ПОМЕР
  9387 | D:7      | xeno23: что-то уровня
  9424 | D:7      | incide: рандом - это когда ололоев поймал в лицо три раза подряд хеллфаер с почти максимальным дайсом от брим финда
  9447 | D:7      | xeno23: встретил хэллиона и получил за 3 хода 3 хф на максдамаг
  9465 | D:7      | xeno23: угу
  9476 | D:7      | jacquesderrida: У меня так же было
  9519 | Temple   | Entered the Ecumenical Temple
  9563 | Temple   | jacquesderrida: Я тогда почти хайскор эльфу взял!...........
  9634 | D:8      | xeno23: вот в последних патчах из игры сделали какой-то кусок говна
  9673 | D:8      | jacquesderrida: DA
  9685 | D:8      | Found a sand-covered staircase.
  9691 | Ossuary  | Entered an ossuary
  9692 | Ossuary  | incide: а чо бога не берешь еще
  9706 | Ossuary  | incide: или ашика алтарь не заспавнился
  9707 | Ossuary  | xeno23: был бы амулет на релек - просто свапнул бы
  9709 | Ossuary  | xeno23: но хуй там
  9709 | Ossuary  | jacquesderrida: О ПОСОНЫ ЗБС ЧЕ КУПИЛ
  9729 | Ossuary  | jacquesderrida: http://www.tobaccoreviews.com/blend/933/peterson-university-flake
  9731 | Ossuary  | jacquesderrida: GADNATA
 10202 | Ossuary  | incide: жак эстет
 10257 | Ossuary  | jacquesderrida: спс
 10462 | Ossuary  | jacquesderrida: Чет оценку скинули
 10704 | Ossuary  | incide: интересный обоссарий, никогда такой не видел
 10706 | Ossuary  | jacquesderrida: Небось старые пидоры заминусовали после того, как стали ароматизировать сливой
 10707 | Ossuary  | jacquesderrida: SLOZHNY
 10853 | D:8      | Noticed Erica
 11014 | D:8      | xeno23: ну все-таки мне пиздец очко порвало
 11266 | D:8      | xeno23: минуту назад я просто затабал 20 эттинов и 20 троллей
 11269 | D:8      | Killed Erica
 11269 | D:8      | Reached XP level 10. HP: 13/62 MP: 3/21
 11532 | D:8      | xeno23: и вот меня заспамили хуйней какие-то бомжи
 11547 | D:8      | xeno23: нахуй так жить
 11557 | D:8      | Reached skill level 11 in Conjurations
 11582 | D:8      | incide: это кравл
 11666 | D:8      | incide: здесь не живут
 11761 | D:8      | xeno23: вот блядь у меня еще был амулет с ФРАГИЛЕМ
 11787 | D:8      | xeno23: нахуя его вообще добавили
 11808 | D:8      | Noticed Maurice
 11815 | D:8      | xeno23: чтоб быдло от таба боялось отвлечься и посвапать?
 11816 | D:8      | incide: ну типа как курс наоборот
 11824 | D:8      | incide: снимешь - хуево
 11837 | D:8      | Killed Maurice
 11837 | D:8      | Reached skill level 1 in Fighting
 11846 | D:8      | xeno23: тупорылые хуесосы в девтиме
 12276 | D:8      | incide: i - perdaque of flaming
 12593 | D:9      | Found an iron altar of Okawaru.
 12681 | D:9      | Noticed a cyan ugly thing
 12695 | D:9      | Killed a cyan ugly thing
 12774 | D:9      | Mangled by an orc warrior

Skill      XL: |  1  2  3  4  5  6  7  8  9 10 |
---------------+-------------------------------+-----
Conjurations   | 2 3 5 6 7 8 10 11 | 11.3
Spellcasting   | 4 5 6 7 8 |  8.2
Earth Magic    | 2 5 7 8 |  8.1
Fighting       | 2 |  2.9
Dodging        | 2 |  2.9
Stealth        | |  1.7
Summonings     | |  1.0
Translocations | |  1.0

Action                   |  1- 3 |  4- 6 |  7- 9 | 10-12 || total
-------------------------+-------+-------+-------+-------++-------
Melee: Short sword       |    63 |     6 |       |       ||    69
       Tailslap          |     5 |     3 |    22 |     4 ||    34
       Unarmed           |     2 |       |       |       ||     2
       Dagger            |       |    17 |   209 |       ||   226
       Staff             |       |       |    33 |       ||    33
       Scimitar          |       |       |       |   102 ||   102
 Fire: Blowgun           |       |       |     1 |       ||     1
Throw: Throwing net      |       |       |     6 |       ||     6
 Cast: Magic Dart        |    73 |   155 |   546 |   124 ||   898
       Repel Missiles    |       |     1 |     1 |       ||     2
       Mephitic Cloud    |       |     4 |    35 |     7 ||    46
       Conjure Flame     |       |     1 |    11 |     2 ||    14
       Blink             |       |       |     2 |       ||     2
Evoke: Staff of energy   |       |       |    10 |       ||    10
       Wand              |       |       |     4 |       ||     4
  Use: Scroll            |       |     2 |     9 |     1 ||    12
       Potion            |       |       |     6 |       ||     6
 Stab: Confused          |       |     1 |     7 |       ||     8
       Held in net/web   |       |       |     1 |       ||     1
  Eat: Chunk             |     1 |    11 |    20 |     1 ||    33
       Beef jerky        |       |     1 |       |       ||     1
       Fruit             |       |       |     1 |       ||     1
       Meat ration       |       |       |     1 |     1 ||     2
Armor: Skin              |    29 |    12 |   344 |   107 ||   492
Dodge: Dodged            |    64 |    33 |   317 |   133 ||   547
       Deflected         |       |       |     3 |       ||     3
